 Dungeon Crawl Stone Soup version 0.28.0-53-g5a82cb258f (webtiles) character file.

Game seed: 1285923625973996326

3236 KamiKatze the Cleaver (level 9, -7/82 HPs)
             Began as a Minotaur Berserker on May 22, 2022.
             Was an Elder of Trog.
             Mangled by a boulder beetle (13 damage)
             ... on level 7 of the Dungeon on May 23, 2022.
             The game lasted 00:22:32 (6974 turns).

KamiKatze the Cleaver (Minotaur Berserker)          Turns: 6974, Time: 00:22:33

Health: -7/82      AC: 11    Str: 26    XL:     9   Next: 66%
Magic:  8/8        EV: 12    Int:  4    God:    Trog [****..]
Gold:   385        SH:  0    Dex: 10    Spells: 8/8 levels left

rFire   . . .      SeeInvis .   q - +0 war axe
rCold   + . .      Faith    .   (no shield)
rNeg    . . .      Spirit   .   d - +3 scale mail {rC+}
rPois   .          Reflect  .   (helmet restricted)
rElec   .          Harm     .   i - +0 cloak
rCorr   .          Rampage  .   b - +0 pair of gloves
Will    .....                   (no boots)
Stlth   ..........              (no amulet)
HPRegen 0.23/turn               z - ring of flight
MPRegen 0.11/turn               (no ring)

@: on berserk cooldown, flying, slowed, very slow
A: horns 2, retaliatory headbutt
a: Renounce Religion, Berserk, Trog's Hand, Brothers in Arms


You were on level 7 of the Dungeon.
You worshipped Trog.
Trog was greatly pleased with you.
You visited 2 branches of the dungeon, and saw 9 of its levels.

You collected 385 gold pieces.

Inventory:

Hand Weapons
 a - a +0 hand axe
 q - a +0 war axe (weapon)
 y - a +0 dagger of venom
Missiles
 c - 154 stones
 f - 26 poisoned darts (quivered)
 g - 2 atropa-tipped darts
 x - 2 throwing nets
Armour
 b - a +0 pair of gloves (worn)
 d - a +3 scale mail of cold resistance (worn)
 i - a +0 cloak (worn)
 A - a +0 chain mail
Jewellery
 z - a ring of flight (left hand)
Wands
 l - a wand of flame (21)
 v - a wand of iceblast (31)
Scrolls
 e - a scroll of enchant armour {unknown}
 j - a scroll of vulnerability {unknown}
 k - 2 scrolls of immolation {unknown}
 n - 4 scrolls of teleportation
 o - a scroll of blinking
 r - a scroll of magic mapping {unknown}
 s - a scroll of fog {unknown}
 u - a scroll of fear {unknown}
 w - a scroll of enchant weapon {unknown}
Potions
 h - 2 potions of flight
 m - 2 potions of curing
 p - 3 potions of mutation
 B - 3 potions of attraction


   Skills:
 + Level 8.7 Fighting
 * Level 11.7 Axes
 - Level 2.4 Armour
 + Level 7.5 Dodging
 - Level 3.0 Evocations


You had 8 spell levels left.
You didn't know any spells.
Your spell library was empty.

Dungeon Overview and Level Annotations

Branches:
Dungeon (8/15)             Temple (1/1) D:4
   Lair: D:8-11

Altars:
Cheibriados
Dithmenos
Fedhas
Gozag
Hepliaklqana
Kikubaaqudgha
Nemelex Xobeh
Okawaru
Qazlal
Sif Muna
Trog
Uskayaw
Vehumet
Wu Jian
Xom
The Shining One

Shops:
D:3 [

Annotations:
D:4 dig for loot


Innate Abilities, Weirdness & Mutations

You have a pair of horns on your head.
You reflexively headbutt those who attack you in melee.


Message History

You punch the killer bee.
You kill the killer bee!
Trog accepts your kill.
You feel sick.
You are no longer berserk.
You are exhausted.
You feel yourself slow down.
You feel sick.
Things that are here:
a killer bee corpse; a killer bee corpse; a killer bee corpse You feel sick.
A boulder beetle comes into view.
You feel sick.
Things that are here:
a killer bee corpse; a killer bee corpse; a killer bee corpse You feel sick.
The boulder beetle curls into a ball and begins rolling!
You feel sick.
You are no longer poisoned.
Blink to where?
Press: ? - help, Dir - move target
As you read the scroll of blinking, it crumbles to dust.
Blink to where?
Press: ? - help, Dir - move target
As you read the scroll of blinking, it crumbles to dust.
The boulder beetle hits you!!!
Ouch! That really hurt!
* * * LOW HITPOINT WARNING * * *
The boulder beetle stops rolling and uncurls.
The boulder beetle misses you. You furiously retaliate!
You headbutt the boulder beetle! The boulder beetle barely misses you.
You furiously retaliate!
You headbutt the boulder beetle, but do no damage.
There is a stone staircase leading up here.
The boulder beetle bites you.
* * * LOW HITPOINT WARNING * * *
You fly upwards.
There is a stone staircase leading down here.
It was a potion of magic.
Magic courses through your body. The boulder beetle bites you!
You die...

## #. ##. #### ####### ##.#
...######.....## ##..#
...<...........### ########...#
#######..........#####.........##
# #.........@..............#
#........B...............# #
##.......########........# ##
##......# ###......## .##
###....# ##......# ..## ##...##
#......# #..## #....### #...###.
##..## #......## #...# ## ##..##
#.......### #..##


You could see a boulder beetle.

Vanquished Creatures
  An ugly thing (D:8)
  A hornet (D:5)
  Prince Ribbit (D:5)
  Menkaure (D:7)
  A water moccasin (D:6)
  A black bear (D:7)
  A necrophage (D:8)
  2 sky beasts
  2 ogres (D:7)
  A phantom (D:6)
  A kobold brigand (D:7)
  A bullfrog (D:8)
  3 scorpions
  5 killer bees (D:8)
  2 howler monkeys
  4 centaur zombies
  2 bullfrog zombies
  A hound (D:4)
  Crazy Yiuf (D:2)
  3 centaur skeletons
  A bullfrog skeleton (D:6)
  An orc priest (D:6)
  A gnoll shaman (D:6)
  A jelly (D:6)
  Terence (D:3)
  Ijyb (D:3)
  2 iguanas (D:4)
  Natasha (thrice) (D:2)
  2 orc wizards (D:6)
  A killer bee zombie (D:7)
  A hound skeleton (D:4)
  A howler monkey skeleton (D:6)
  5 adders
  14 gnolls
  2 shadow imps
  A white imp (D:7)
  2 worms
  2 dart slugs (D:3)
  11 orcs
  7 bats
  11 endoplasms
  3 giant cockroaches
  5 goblins
  8 hobgoblins
  2 jackals (D:3)
  10 kobolds
  7 quokkas
  11 ball pythons
  4 frilled lizards
  3 rats
159 creatures vanquished.

Vanquished Creatures (others)
  5 fungi (D:2)
  7 plants (D:2)
  13 withered plants (D:2)
25 creatures vanquished.

Grand Total: 184 creatures vanquished

Notes
Turn   | Place    | Note
-------+----------+-------------------------------------------
     0 | D:1      | KamiKatze the Minotaur Berserker began the quest for the
                  | Orb.
     0 | D:1      | Reached XP level 1. HP: 19/19 MP: 0/0
   259 | D:1      | Reached skill level 4 in Axes
   260 | D:1      | Reached XP level 2. HP: 27/27 MP: 1/1
   904 | D:2      | Reached XP level 3. HP: 33/33 MP: 2/2
   916 | D:2      | Found a runed translucent door.
   917 | D:2      | Noticed Crazy Yiuf
   924 | D:2      | Killed Crazy Yiuf
  1034 | D:2      | Reached ** piety under Trog
  1155 | D:2      | Found a faded altar of an unknown god.
  1241 | D:2      | Reached XP level 4. HP: 39/40 MP: 3/3
  1483 | D:2      | Found an ornate altar of the Wu Jian Council.
  1508 | D:2      | Noticed Natasha
  1514 | D:2      | Reached skill level 5 in Axes
  1516 | D:2      | Killed Natasha
  1544 | D:2      | Noticed Natasha
  1549 | D:2      | Killed Natasha
  1560 | D:2      | Noticed Natasha
  1570 | D:2      | Killed Natasha
  1571 | D:2      | Reached XP level 5. HP: 10/47 MP: 4/4
  1977 | D:3      | Found Pusaog's Antique Armour Boutique.
  2284 | D:3      | Found a shimmering altar of Xom.
  2418 | D:3      | Noticed Terence
  2426 | D:3      | Killed Terence
  2621 | D:3      | Reached skill level 6 in Axes
  2679 | D:3      | Reached skill level 5 in Fighting
  2785 | D:3      | Reached *** piety under Trog
  3050 | D:3      | Noticed Ijyb
  3056 | D:3      | Killed Ijyb
  3331 | D:4      | Found a hide-covered altar of Uskayaw.
  3340 | D:4      | Found a shimmering blue altar of Sif Muna.
  3363 | D:4      | Reached XP level 6. HP: 56/56 MP: 5/5
  3519 | D:4      | Found a staircase to the Ecumenical Temple.
  3558 | Temple   | Entered the Ecumenical Temple
  3729 | D:4      | Noticed a sky beast
  3736 | D:4      | Reached skill level 1 in Evocations
  3756 | D:4      | Killed a sky beast
  3757 | D:4      | Reached skill level 7 in Axes
  3757 | D:4      | Reached XP level 7. HP: 61/61 MP: 6/6
  3928 | D:5      | Entered Level 5 of the Dungeon
  4221 | D:5      | Found an iron altar of Okawaru.
  4280 | D:5      | Noticed a hornet
  4286 | D:5      | Killed a hornet
  4287 | D:5      | Reached skill level 8 in Axes
  4287 | D:5      | Reached skill level 5 in Dodging
  4364 | D:5      | Noticed Prince Ribbit
  4380 | D:5      | Killed Prince Ribbit
  4381 | D:5      | Reached XP level 8. HP: 66/71 MP: 7/7
  4495 | D:5      | Reached skill level 9 in Axes
  4763 | D:6      | Reached **** piety under Trog
  5073 | D:6      | Reached skill level 10 in Axes
  5263 | D:6      | Found a hazy altar of Hepliaklqana.
  5264 | D:6      | Found a shadowy altar of Dithmenos.
  5533 | D:6      | Reached XP level 9. HP: 79/79 MP: 8/8
  6336 | D:7      | Noticed Menkaure
  6343 | D:7      | Killed Menkaure
  6591 | D:8      | Noticed a brown ugly thing
  6797 | D:8      | Killed a brown ugly thing
  6798 | D:8      | Reached skill level 11 in Axes
  6959 | D:8      | Noticed a boulder beetle
  6974 | D:7      | Mangled by a boulder beetle

Illustrated notes

Levels and vault maps discovered:
D:1:      arrival_zaba_pyramid, layout_basic
D:2:      layout_loops_corners, shapermc_ecumenical_altar_flowoftime,
          basic_altar, uniq_crazy_yiuf_cottage, uniq_natasha
D:3:      minmay_inner_zag, layout_loops_cross,
          mainiacjoe_overflow_six_doors_small, serial_shops,
          nicolae_shop_behind_doors, minmay_increasing_density, uniq_terence,
          uniq_ijyb
D:4:      layout_rooms, mainiacjoe_overflow_catwalk_spiral,
          minmay_temple_entry_crystal_x, serial_glass, glass_columns_b,
          glass_columns_a, glass_columns_a, glass_columns_b, item_on_display_b,
          minmay_strange_pillars, due_unseen_surprise, minmay_checkerbox
D:5:      layout_gridville, okawaru_ov_weapons_minmay, bh_walls_and_bars,
          uniq_prince_ribbit1
D:6:      layout_loops_ring, riverfiend_overflow_shadow_ancestor
D:7:      layout_layer_cave, uniq_menkaure
D:8:      layout_basic, makhleb_blood_cavern_becter, st_stairs_2
Temple:   compressed_dpeg_triangle_lava_temple

Skill      XL: |  1  2  3  4  5  6  7  8  9 |
---------------+----------------------------+-----
Axes           | 4 5 6 7 8 10 11 | 11.7
Fighting       | 4 5 6 7 8 |  8.7
Dodging        | 3 4 5 6 7 |  7.5
Evocations     | 1 2 3 |  3.0
Armour         | |  2.4

Action                   |  1- 3 |  4- 6 |  7- 9 || total
-------------------------+-------+-------+-------++-------
Melee: Hand axe          |    81 |   130 |   206 ||   417
       Headbutt          |    12 |    30 |    40 ||    82
       Punch             |     1 |     1 |     5 ||     7
       War axe           |       |       |    29 ||    29
Throw: Stone             |    13 |       |       ||    13
Invok: Berserk           |     2 |     4 |     8 ||    14
       Trog's Hand       |       |     1 |       ||     1
  Use: Scroll            |       |       |     8 ||     8
       Potion            |       |       |     1 ||     1
Armor: Ring mail         |    25 |    47 |    34 ||   106
       Animal skin       |     1 |       |       ||     1
       Scale mail        |       |       |    58 ||    58
Dodge: Dodged            |    42 |    64 |   114 ||   220
